Selects Italian Combined Arms Battlegroup
Selects Bersaglieri Squad
Construct Light Support Kompanie
Selects Bersaglieri Bolster
Selects Breda Model 30 Light Machine Guns
Panzerjäger Mechanized Group
Construct Mechanized Kompanie
Marder III Tank Destroyer
Marder III Tank Destroyer
Selects Semovente da 75/18 Assault Gun
Selects Carro Armato M13/40 Light Tank
Marder III Tank Destroyer
Construct Panzerarmee Kommand
Panzerjäger Mechanized Group
Walking Stuka Rocket Launcher